 Dungeon Crawl Stone Soup version 0.20.1-1-g8b1a95d (webtiles) character file.

602 schauveau the Archer (level 7, -1/61 HPs)
             Began as a Centaur Hunter on Dec 2, 2017.
             Was a Follower of Okawaru.
             Slain by a gnoll
             ... wielding a +0 club
              (4 damage)
             ... on level 4 of the Dungeon.
             The game lasted 00:12:15 (5273 turns).

schauveau the Archer (Centaur Hunter)               Turns: 5273, Time: 00:12:18

Health: -1/61      AC:  7    Str: 12 (15) XL:     7   Next: 18%
Magic:  7/7        EV: 13    Int:  9 (10) God:    Okawaru [*.....]
Gold:   243        SH:  0    Dex: 15 (16) Spells: 6/6 levels left

rFire    . . .     SeeInvis .   b - +1 spear (venom)
rCold    . . .     Gourm    .   (no shield)
rNeg     . . .     Faith    .   q - +0 ring mail
rPois    .         Spirit   .   r - +0 helmet
rElec    .         Reflect  .   (no cloak)
rCorr    .         Harm     .   e - +0 pair of gloves
MR       .....                  (no barding)
Stlth    +.........             (no amulet)
Regen    0.2/turn               (no ring)
MPRegen  0.1/turn               (no ring)

@: agile, glowing, drained, very quick
A: hooves 3, deformed body, speed 2, tough skin 3
a: Heroism, Renounce Religion


You were on level 4 of the Dungeon.
You worshipped Okawaru.
Okawaru was aware of your devotion.
You were not hungry.

You visited 1 branch of the dungeon, and saw 4 of its levels.

You collected 243 gold pieces.

Inventory:

Hand Weapons
 a - a +1 shortbow
 b - a +1 spear of venom (weapon)
 w - a +1 dagger of protection
 y - a +0 blowgun
 B - a +0 dagger of venom
Missiles
 d - 19 arrows
 t - 3 tomahawks of returning (quivered)
 z - 10 poisoned needles
Armour
 e - a +0 pair of gloves (worn)
 q - a +0 ring mail (worn)
 r - a +0 helmet (worn)
Jewellery
 C - an uncursed ring of poison resistance {unknown}
Scrolls
 g - 6 scrolls of identify {unknown}
 h - a scroll of fear {unknown}
 i - 2 scrolls of enchant weapon {unknown}
 j - 2 scrolls of teleportation {unknown}
 k - a scroll of enchant armour {unknown}
 n - 4 scrolls of fog {unknown}
 o - a scroll of remove curse {unknown}
 u - a scroll of noise {unknown}
 x - a scroll of recharging {unknown}
Potions
 v - a potion of heal wounds {unknown}
 A - a potion of invisibility {unknown}
Books
 c - a book of Cantrips

   Spells                             Type                      Level
   a - Confusing Touch                Hexes                        1
   b - Animate Skeleton               Necromancy                   1
   c - Summon Small Mammal            Summoning                    1
   d - Apportation                    Translocation                1
Comestibles
 f - 5 bread rations
 l - 3 royal jellies
 p - a meat ration
 D - 3 chunks of flesh


   Skills:
 + Level 5.5(4.8) Fighting
 - Level 0.8(0.2) Short Blades
 + Level 8.8(8.0) Bows
 - Level 1.6(1.0) Dodging
 - Level 0.5(0.0) Stealth


You had 6 spell levels left.
You didn't know any spells.

Dungeon Overview and Level Annotations

Branches:
Dungeon (4/15)
 Temple: D:4-7

Altars:
Okawaru

Annotations:
D:3 Anon1729's ghost, amateur OpEE


Innate Abilities, Weirdness & Mutations

You have hooves in place of feet.
Armour fits poorly on your strangely shaped body.
You cover ground very quickly.
You have extremely tough skin. (AC +3)


Message History

The gnoll shaman looks as sick as possible!
Your kick misses the gnoll shaman.
The gnoll shaman is lightly wounded.
The gnoll shaman hits you with a whip.
* * * LOW HITPOINT WARNING * * *
The gnoll hits you with a club!
* * * LOW HITPOINT WARNING * * *
The gnoll hits you but does no damage.
It was a potion of agility.
You feel agile all of a sudden. The gnoll shaman closely misses you.
The gnoll hits you but does no damage.
The gnoll hits you from afar with a spear.
* * * LOW HITPOINT WARNING * * *
It was a potion of degeneration.
There was something very wrong with that liquid.
You feel weakened.
You feel dopey.
You feel clumsy. The gnoll shaman hits you with a whip.
* * * LOW HITPOINT WARNING * * *
The gnoll hits you with a club.
You die...

.........#.........######......#.
#.....P..........................
#....≈≈≈≈≈≈≈≈≈≈≈≈≈≈≈≈≈≈≈....≈≈≈≈≈
#)...≈≈≈≈≈≈≈≈≈≈≈≈≈≈≈≈≈≈≈....≈≈≈≈≈
#....≈≈#####≈≈≈≈≈≈≈≈≈≈≈≈....≈≈≈≈≈
#....≈≈#...#.....................
#....≈≈#...#############')''#####
#...P≈≈###'#...g.......#.)..#....
#....≈≈≈.#('(.)g@.g..(.))...'....
#....≈≈≈.#(#..)........#....#....
#....≈≈≈.#)######################
#....≈≈≈.#gg #....≈≈≈.#..
#....≈≈≈.#.## #.P..≈≈≈.#.#
#....≈≈≈.#.# #....≈≈###'#


You could see a gnoll shaman and 2 gnolls.

Vanquished Creatures
  An ogre (D:4)
  An orc priest (D:4)
  3 orc wizards
  2 worker ants
  Robin (D:4)
  17 gnolls (D:4)
  2 adders
  2 oozes
  An adder skeleton (D:4)
  3 worms
  A dart slug (D:1)
  3 leopard geckos
  13 orcs
  11 bats
  4 giant cockroaches
  15 goblins
  10 hobgoblins
  23 jackals
  2 quokkas (D:2)
  2 ball pythons (D:1)
  6 frilled lizards
  11 kobolds
  4 rats
138 creatures vanquished.

Notes
Turn   | Place    | Note
-------+----------+-------------------------------------------
     0 | D:1      | schauveau the Centaur Hunter began the quest for the Orb.
     0 | D:1      | Reached XP level 1. HP: 17/17 MP: 1/1
   341 | D:2      | Reached XP level 2. HP: 23/24 MP: 2/2
   478 | D:2      | Reached skill level 6 in Bows
   627 | D:2      | Reached XP level 3. HP: 20/29 MP: 3/3
   771 | D:3      | Noticed Anon1729's ghost (amateur OpEE)
  1154 | D:3      | Found an iron altar of Okawaru.
  1162 | D:3      | Became a worshipper of Warmaster Okawaru
  1930 | D:2      | Reached XP level 4. HP: 29/37 MP: 4/4
  2445 | D:2      | Found a faded altar of an unknown god.
  2728 | D:3      | Reached skill level 7 in Bows
  2840 | D:3      | Reached XP level 5. HP: 30/45 MP: 5/5
  3756 | D:4      | Reached XP level 6. HP: 34/52 MP: 6/6
  3931 | D:4      | Noticed Robin
  3956 | D:4      | Killed Robin
  4566 | D:4      | Reached skill level 8 in Bows
  4614 | D:4      | Reached skill level 5 in Fighting
  5181 | D:4      | Reached * piety under Okawaru
  5181 | D:4      | Reached XP level 7. HP: 44/61 MP: 7/7
  5273 | D:4      | HP: 3/61 [gnoll shaman/whip (3)]
  5273 | D:4      | Slain by a gnoll

Skill      XL: |  1  2  3  4  5  6 |
---------------+-------------------+-----
Bows           | 6 7 8 |  8.8
Fighting       | 3 4 5 |  5.5
Short Blades   | |  0.8
Dodging        | |  1.6
Stealth        | |  0.5

Action                   |  1- 3 |  4- 6 |  7- 9 || total
-------------------------+-------+-------+-------++-------
Melee: Short sword       |    80 |       |       ||    80
       Kick              |    25 |    45 |     2 ||    72
       Dagger            |    48 |   134 |       ||   182
       Spear             |       |    96 |    16 ||   112
 Fire: Shortbow          |     8 |    32 |    30 ||    70
  Use: Potion            |     1 |       |     2 ||     3
  Eat: Chunk             |     2 |     4 |       ||     6
       Meat ration       |       |     1 |       ||     1
Armor: Leather armour    |    31 |       |       ||    31
       Ring mail         |    31 |   138 |    11 ||   180
Dodge: Dodged            |    65 |   103 |    13 ||   181
